 Dungeon Crawl Stone Soup version 0.31-a0-986-g5e6e4ef867 (webtiles) character file.

Game seed: 6045814684732646880

46331 LadyBoffin the Convoker (level 14, -11/85 HPs)
             Began as a Barachi Summoner on Nov 2, 2023.
             Was a High Priest of Vehumet.
             Mangled by a tyrant leech (23 damage)
             ... on level 1 of the Swamp on Nov 4, 2023.
             The game lasted 01:54:44 (18500 turns).

LadyBoffin the Convoker (Barachi Summoner)         Turns: 18500, Time: 01:54:45

Health: -11/85     AC: 13    Str: 10    XL:     14   Next: 37%
Magic:  10/33      EV: 21    Int: 20    God:    Vehumet [*****.]
Gold:   989        SH:  0    Dex: 13    Spells: 17/43 levels left

rFire   + . .        r - staff of fire
rCold   . . .        (no shield)
rNeg    . . .        u - +3 robe of Clouds {*Thunder rCloud rElec}
rPois   .            z - +1 helmet
rElec   +            f - +2 cloak
rCorr   .            (no gloves)
SInv    .            j - +2 pair of boots
Will    +....        (no amulet)
Stlth   ++           l - +5 ring of evasion
HPRegen 0.34/turn    (no ring)
MPRegen 0.23/turn

%: no passive effects
@: unable to hop, slowed, very slow
A: amphibious, slowness 1, strong legs 2, +LOS
a: Hop, Renounce Religion


You were on level 1 of the Swamp.
You worshipped Vehumet.
Vehumet was extremely pleased with you.
You visited 4 branches of the dungeon, and saw 15 of its levels.
You also visited: Sewer, Ice Cave and Volcano.

You collected 1430 gold pieces.
You spent 441 gold pieces at shops.

Inventory:

Hand Weapons
 m - a +6 spectral spear
Armour
 f - a +2 cloak (worn)
 j - a +2 pair of boots (worn)
 u - the +3 robe of Clouds (worn) {*Thunder rCloud rElec}
   (You acquired it in a sewer)

   *Thunder:  It occasionally creates storm clouds above nearby enemies.
   rCloud:    It grants its wearer immunity to clouds.
   rElec:     It insulates you from electricity.
 z - a +1 helmet (worn)
Magical Staves
 r - a staff of fire (weapon)
 F - a staff of conjuration
Jewellery
 l - a +5 ring of evasion (left hand)
 L - a ring of flight
Wands
 a - a wand of acid (7)
 q - a wand of flame (29)
 C - a wand of digging (3)
 K - a wand of charming (3)
Scrolls
 d - a scroll of fog
 g - 4 scrolls of revelation
 k - 2 scrolls of poison
 o - 2 scrolls of noise
 v - 2 scrolls of fear
 x - a scroll of blinking
 y - 2 scrolls of amnesia
 D - 2 scrolls of teleportation
 E - a scroll of vulnerability
 I - 4 scrolls of identify
Potions
 b - a potion of magic
 c - a potion of berserk rage {unknown}
 h - 2 potions of lignification
 i - 6 potions of curing
 n - 4 potions of degeneration {unknown}
 p - 3 potions of haste
 s - 4 potions of attraction
 t - 4 potions of might
 w - 2 potions of brilliance {unknown}
 A - 2 potions of mutation {unknown}
 B - 2 potions of cancellation
 G - 2 potions of resistance {unknown}
 M - a potion of ambrosia {unknown}
Miscellaneous
 H - a tin of tremorstones (2/2)


   Skills:
 + Level 2.4 Staves
 + Level 1.5 Armour
 * Level 10.0 Dodging
 - Level 2.0 Stealth
 + Level 15.3 Spellcasting
 - Level 2.0 Conjurations
 * Level 16.3 Summonings
 - Level 1.3 Transmutations
 * Level 10.0 Fire Magic
 - Level 5.6 Air Magic
 - Level 1.7 Poison Magic


You had 17 spell levels left.
You knew the following spells:

 Your Spells              Type           Power      Damage    Failure   Level
a - Poisonous Vapours     Pois/Air       60%        N/A       1%          2
b - Call Imp              Summ           100%       N/A       0%          2
c - Call Canine Familiar  Summ           69%        N/A       0%          3
d - Summon Lightning Spi  Summ/Air       56%        N/A       1%          4
e - Ignite Poison         Fire/Tmut/Pois 49%        N/A       1%          3
f - Fireball              Conj/Fire      28%        3d12      2%          5
g - Summon Hydra          Summ           34%        N/A       4%          7

Your spell library contained the following spells:

 Spells                   Type           Power      Damage    Failure   Level
 Conjure Ball Lightning   Conj/Air       15%        3x3d6     30%         6
 Summon Small Mammal      Summ           100%       N/A       0%          1
 Momentum Strike          Conj/Tloc      38%        3d9       1%          2
 Summon Guardian Golem    Hex/Summ       48%        N/A       1%          3
 Sticky Flame             Conj/Fire      56%        2d7       1%          4
 Summon Ice Beast         Ice/Summ       48%        N/A       1%          4
 Hailstorm                Conj/Ice       19%        3d6       2%          3
 Summon Forest            Summ/Tloc      24%        N/A       3%          5
 Slow                     Hex            60%        N/A       4%          1
 Blink                    Tloc           30%        N/A       6%          2
 Lesser Beckoning         Tloc           30%        N/A       6%          2
 Confusing Touch          Hex            15%        N/A       12%         3
 Gell's Gravitas          Tloc           15%        N/A       12%         3
 Sigil of Binding         Hex            15%        N/A       12%         3
 Teleport Other           Tloc           15%        N/A       12%         3
 Vampiric Draining        Necr           15%        2d7       12%         3
 Cause Fear               Hex            7%         N/A       36%         4
 Eringya's Noxious Bog    Tmut/Pois      10%        4d6       58%         6
 Ignition                 Fire           35%        3d11      69%         8
 Dispersal                Tloc           7%         N/A       99%         6
 Simulacrum               Ice/Necr       7%         N/A       99%         6
 Dragon's Call            Summ           34%        N/A       99%         9


Dungeon Overview and Level Annotations

Branches:
Dungeon (8/15)             Temple (1/1) D:5            Lair (5/5) D:8
  Swamp (1/4) Lair:2       Spider (0/4) Lair:2        Slime (0/5) Lair:4
  Sewer (visited)           IceCv (visited)         Volcano (visited)

Altars:
Ashenzari
Cheibriados
Dithmenos
Elyvilon
Fedhas
Gozag
Hepliaklqana
Kikubaaqudgha
Makhleb
Nemelex Xobeh
Okawaru
Qazlal
Ru
Sif Muna
Trog
Uskayaw
Vehumet
Wu Jian
Xom
Yredelemnul
Zin
The Shining One

Shops:
D:1 :=[?*   D:2 :   D:4 ?

Portals:
Hell: Lair:5

Annotations:
D:7 exclusion: oklob plant


Innate Abilities, Weirdness & Mutations

You are amphibious.
You cover ground slowly.
You can hop long distances.
You have an extended range of vision and can be seen from far away.


Message History

Press: ? - help, Shift-Dir - straight line You feel a surge of power!
The fireball explodes!
The fireball engulfs the alligator!!
The alligator is moderately wounded.
Storm clouds gather above the alligator.
The alligator misses you. The alligator tail-slaps you.
The alligator is engulfed in a cloud of scalding steam.
The alligator barely misses you. The alligator misses you.
The alligator bites you!! The alligator barely misses you.
The alligator is engulfed in a cloud of scalding steam.
The alligator misses you.
The alligator tail-slaps you but does no damage.
Okay, then.
The torpor snail looks more healthy.
The alligator is engulfed in a thunderstorm.
The alligator is engulfed in a cloud of scalding steam.
The alligator bites you. The alligator completely misses you.
The alligator is engulfed in a cloud of scalding steam.
The alligator completely misses you. x2
The alligator is engulfed in a cloud of scalding steam.
The alligator barely misses you. The alligator tail-slaps you.
The tyrant leech is engulfed in a cloud of scalding steam.
You see here a tyrant leech corpse.
Storm clouds gather above the alligator.
You feel yourself speed up.
The alligator is engulfed in a cloud of scalding steam.
The alligator misses you. The alligator tail-slaps you!
The tyrant leech is engulfed in a cloud of scalding steam.
The tyrant leech bites you!!
* * * LOW HITPOINT WARNING * * *
The tyrant leech draws strength from your injuries!
Being near the torpor snail leaves you feeling lethargic.
The alligator is engulfed in a cloud of scalding steam.
A moth of wrath comes into view.
You feel much better.
The alligator is engulfed in a cloud of scalding steam.
The alligator bites you!
* * * LOW HITPOINT WARNING * * *
The alligator barely misses you. The tyrant leech bites you!!
You die...

♣..~~~~..~
♣♣♣♣♣♣♣.~§~.~~§~
♣♣..........~~≈~≈
♣~.÷~~~~...~~≈###
♣<~~~~~~~~~~~##
♣~~~~~~..~~§~#
♣♣.....§§.~≈##
♣♣♣..~§§.~~#
♣~@t~~§.§≈##
♣♣tw~~.~~§~# ~)
♣§w~~..y§~##~#
♣~.~~...♣§≈~§
♣♣w~~~~.♣~~~~
♣.>§~~..~~~~
♣♣....~.♣~~
♣~.~~~~.♣ ~♣
♣~.~~~..♣ ~


You could see 2 alligators, a tyrant leech, a torpor snail, a moth of wrath
(wandering) and a swamp worm.

Vanquished Creatures
  An eleionoma (Lair:2)
  A dire elephant (Lair:5)
  A hell beast (Lair:5)
  2 hydras
  A catoblepas (Lair:5)
  An alligator (Swamp:1)
  3 death yaks
  An occultist (Lair:5)
  2 goliath frogs (Swamp:1)
  A lindwurm (Lair:4)
  A black mamba (Lair:2)
  An ice statue (IceCv)
  9 cane toads
  8 komodo dragons
  2 rime drakes
  An anaconda simulacrum (IceCv)
  5 ice devils
  4 tyrant leeches
  A polar bear (Lair:4)
  6 blink frogs
  A dream sheep (Lair:5)
  A dire elephant simulacrum (IceCv)
  3 wyverns
  3 fire bats (Volcano)
  13 yaks
  2 basilisks
  3 steam dragons
  A death yak simulacrum (IceCv)
  3 harpy simulacra (IceCv)
  2 swamp worms (Swamp:1)
  7 water moccasins
  2 hell hounds
  A sky beast (D:8)
  11 wolves
  A kobold brigand (Sewer)
  6 bullfrogs
  4 two-headed ogre simulacra (IceCv)
  A scorpion (D:5)
  3 cane toad simulacra (IceCv)
  A wight (D:6)
  2 killer bees (D:8)
  2 elephant simulacra (IceCv)
  3 jellies (D:7)
  A gnoll bouda (Lair:2)
  A sleepcap (D:7)
  2 iguanas
  3 hell rats (Lair:2)
  A polar bear simulacrum (IceCv)
  4 spriggan simulacra (IceCv)
  3 troll simulacra (IceCv)
  3 wolf simulacra (IceCv)
  An adder (D:5)
  4 gnolls
  4 naga simulacra (IceCv)
  18 white imps
  9 ufetubi
  A worm (D:4)
  An orc (D:8)
  2 endoplasms (D:7)
  A hobgoblin (D:4)
  3 kobolds (Sewer)
  2 quokkas (D:4)
  A bat (D:1)
  A rat (Sewer)
194 creatures vanquished.

Vanquished Creatures (collateral kills)
  A thorn hunter (Swamp:1)
  A dire elephant (Lair:5)
  A hydra (Lair:5)
  A boulder beetle (Lair:1)
  A death yak (Lair:5)
  2 bog bodies (IceCv)
  A black mamba (Lair:2)
  2 elephants (Lair:4)
  A smoke demon (Lair:5)
  6 cane toads
  5 rime drakes
  An ice devil (Lair:5)
  3 komodo dragons
  A polar bear (Lair:1)
  8 blink frogs
  3 dream sheep (Lair:5)
  A vampire (D:8)
  5 fire bats (Volcano)
  20 yaks
  2 swamp worms (Swamp:1)
  10 water moccasins
  8 hell hounds
  A sky beast (D:7)
  4 black bears
  3 ogres
  6 wolves
  A centaur (D:6)
  2 kobold brigands (Sewer)
  4 bullfrogs
  3 scorpions
  2 wights (D:6)
  An elephant simulacrum (IceCv)
  A killer bee (D:8)
  A hound (D:7)
  An orc priest (D:8)
  A gnoll bouda (D:7)
  5 jellies (D:7)
  5 iguanas
  A sleepcap (D:8)
  Terence (D:2)
  Natasha (thrice) (D:2)
  2 orc wizards
  A hell rat (Lair:2)
  A spriggan simulacrum (IceCv)
  12 gnolls
  10 adders
  6 white imps
  5 ufetubi
  5 worms
  2 dart slugs
  13 orcs
  8 bats
  14 endoplasms
  4 giant cockroaches
  5 goblins
  9 hobgoblins
  2 jackals (D:3)
  6 kobolds
  A quokka (D:4)
  9 ball pythons
  4 frilled lizards
  9 rats
258 creatures vanquished.

Vanquished Creatures (others)
  A shadow imp (D:8)
1 creature vanquished.

Grand Total: 453 creatures vanquished

Notes
Turn   | Place    | Note
-------+----------+-------------------------------------------
     0 | D:1      | LadyBoffin the Barachi Summoner began the quest for the
                  | Orb.
     0 | D:1      | Reached XP level 1. HP: 13/13 MP: 3/3
    29 | D:1      | Reached skill level 5 in Summonings
    66 | D:1      | Found Laoleom's Jewellery Shoppe.
    70 | D:1      | Found Fomicvee's Book Boutique.
    88 | D:1      | Found Etewkoffary's Magic Scroll Emporium.
   123 | D:1      | Found Arug's Assorted Antiques.
   183 | D:1      | Reached XP level 2. HP: 9/19 MP: 0/5
   297 | D:1      | Found Vatati Ged's Armour Shop.
   307 | D:1      | Learned a level 2 spell: Call Imp
   596 | D:1      | Reached XP level 3. HP: 24/24 MP: 2/6
  1087 | D:1      | Bought a +0 pair of boots for 45 gold pieces
  1382 | D:2      | Reached skill level 6 in Summonings
  1621 | D:2      | Noticed Natasha
  1638 | D:2      | Killed Natasha
  1639 | D:2      | Reached XP level 4. HP: 30/30 MP: 0/8
  1708 | D:2      | Learned a level 3 spell: Call Canine Familiar
  1818 | D:2      | Found a glowing silver altar of Zin.
  2186 | D:2      | Noticed Terence
  2202 | D:2      | Killed Terence
  2203 | D:2      | Reached XP level 5. HP: 21/35 MP: 2/10
  2291 | D:2      | Noticed Natasha
  2307 | D:2      | Killed Natasha
  2344 | D:2      | Noticed Natasha
  2358 | D:2      | Killed Natasha
  2513 | D:2      | Found Cownuon's Book Shoppe.
  2832 | D:3      | Reached skill level 7 in Summonings
  3187 | D:3      | Identified the +8 war axe of Calculation {venom, rN++}
  3413 | D:4      | Found Kythiecroda's Magic Scroll Shoppe.
  3415 | D:4      | Found a glowing golden altar of the Shining One.
  3458 | D:4      | Noticed an ogre
  3466 | D:4      | Killed an ogre
  3467 | D:4      | Reached XP level 6. HP: 41/41 MP: 3/12
  3822 | D:4      | Found a glowing drain.
  3826 | Sewer    | Entered a sewer
  3890 | Sewer    | Reached skill level 1 in Armour
  3918 | Sewer    | Reached skill level 8 in Summonings
  3918 | Sewer    | Reached XP level 7. HP: 13/46 MP: 9/14
  4051 | Sewer    | Identified a scroll of acquirement
  4051 | Sewer    | Identified the of Vuuzxin (You acquired it in a sewer)
  4051 | Sewer    | Acquired the +3 robe of Clouds {*Thunder rCloud rElec}
  4051 | Sewer    | Found the +3 robe of Clouds {*Thunder rCloud rElec}
  4363 | Sewer    | Reached skill level 5 in Spellcasting
  4415 | D:4      | Learned a level 4 spell: Summon Lightning Spire
  4536 | D:4      | Found a snail-covered altar of Cheibriados.
  4537 | D:4      | Found a sacrificial altar of Ru.
  4574 | D:4      | You fall into a shaft and drop 3 floors!
  4809 | D:7      | Reached skill level 1 in Air Magic
  5351 | D:7      | Reached XP level 8. HP: 50/52 MP: 13/16
  5414 | D:7      | Reached skill level 9 in Summonings
  5449 | D:7      | Noticed an oklob plant
  6198 | D:6      | Reached skill level 10 in Summonings
  6198 | D:6      | Reached XP level 9. HP: 57/57 MP: 11/19
  6359 | D:6      | Identified the +1 robe of the Land of Plenty {Rampage Str+2
                  | Int+2 Dex+3}
  6444 | D:5      | Entered Level 5 of the Dungeon
  6677 | D:5      | Found a staircase to the Ecumenical Temple.
  6687 | Temple   | Entered the Ecumenical Temple
  6784 | Temple   | Became a worshipper of Vehumet
  6918 | D:5      | Found a shimmering altar of Xom.
  7507 | D:1      | Bought an Everburning Encyclopedia for 396 gold pieces
  7717 | D:8      | Reached skill level 1 in Fire Magic
  7719 | D:8      | Reached skill level 11 in Summonings
  8012 | D:8      | Reached skill level 5 in Air Magic
  8014 | D:8      | Reached XP level 10. HP: 63/63 MP: 13/22
  8044 | D:8      | Reached * piety under Vehumet
  8044 | D:8      | Offered knowledge of Freeze by Vehumet.
  8386 | D:8      | Found a staircase to the Lair.
  8441 | Gauntlet | Identified the "Yfetho Qadd"
  8441 | Lair:1   | Entered Level 1 of the Lair of Beasts
  8468 | Lair:1   | Reached skill level 12 in Summonings
  8472 | Lair:1   | Noticed a cane toad
  8485 | Lair:1   | Killed a cane toad
  8499 | Lair:1   | Noticed a cane toad
  8522 | Lair:1   | Killed a cane toad
  8647 | Lair:1   | Found a dark tunnel.
  8677 | Volcano  | Entered a volcano
  8686 | Volcano  | Reached skill level 10 in Spellcasting
  8687 | Volcano  | Reached skill level 5 in Fire Magic
  8690 | Volcano  | Reached XP level 11. HP: 36/68 MP: 11/25
  8697 | Volcano  | Offered knowledge of Poisonous Vapours by Vehumet.
  8706 | Volcano  | Reached ** piety under Vehumet
  8707 | Volcano  | Reached skill level 13 in Summonings
  9464 | Lair:1   | Reached skill level 5 in Dodging
  9485 | Lair:1   | Noticed a boulder beetle
  9510 | Lair:1   | Killed a boulder beetle
  9830 | Lair:1   | Learned a level 2 spell: Poisonous Vapours
 10099 | Lair:1   | Learned a level 3 spell: Ignite Poison
 10504 | Lair:2   | Reached skill level 1 in Poison Magic
 10792 | Lair:2   | Found a staircase to the Swamp.
 10792 | Lair:2   | Noticed an eleionoma
 10806 | Lair:2   | Killed an eleionoma
 10807 | Lair:2   | Reached skill level 1 in Transmutations
 10890 | Lair:2   | Offered knowledge of Dazzling Flash by Vehumet.
 10891 | Lair:2   | Reached XP level 12. HP: 74/74 MP: 14/28
 10958 | Lair:2   | Found a hole to the Spider Nest.
 11699 | Lair:3   | Reached *** piety under Vehumet
 11855 | Lair:3   | Reached skill level 1 in Staves
 12158 | Lair:3   | Offered knowledge of Stone Arrow by Vehumet.
 12177 | Lair:3   | Learned a level 5 spell: Fireball
 12897 | Lair:4   | Reached skill level 1 in Conjurations
 12943 | Lair:4   | Reached **** piety under Vehumet
 12970 | Lair:4   | Found a frozen archway.
 12984 | IceCv    | Entered an ice cave
 13124 | IceCv    | Offered knowledge of Lee's Rapid Deconstruction by Vehumet.
 13672 | IceCv    | Reached ***** piety under Vehumet
 13899 | IceCv    | Offered knowledge of Freezing Cloud by Vehumet.
 14039 | IceCv    | Gained mutation: You can hop long distances. [Barachi
                  | growth]
 14039 | IceCv    | Reached XP level 13. HP: 79/79 MP: 2/30
 14187 | IceCv    | Identified the +6 war axe "Qapet" {heavy, rElec rN+ Str+3
                  | SInv}
 14731 | Lair:4   | Reached skill level 14 in Summonings
 14868 | Lair:4   | Learned a level 7 spell: Summon Hydra
 15803 | Lair:4   | Found a staircase to the Slime Pits.
 16083 | Lair:4   | Upgraded the game from 0.31-a0-983-g7b6862f502 to
                  | 0.31-a0-986-g5e6e4ef867
 16125 | Lair:5   | Entered Level 5 of the Lair of Beasts
 16148 | Lair:5   | Reached skill level 15 in Summonings
 16626 | Lair:5   | Noticed a dire elephant
 17107 | Lair:5   | Killed a dire elephant
 17108 | Lair:5   | Reached XP level 14. HP: 51/85 MP: 3/32
 17302 | Lair:5   | Noticed a dire elephant
 17311 | Lair:5   | Killed a dire elephant
 17794 | Lair:5   | Found a burning altar of Makhleb.
 17801 | Lair:5   | Reached skill level 16 in Summonings
 17808 | Lair:5   | Offered knowledge of Conjure Ball Lightning by Vehumet.
 17809 | Lair:5   | Reached skill level 15 in Spellcasting
 17958 | Lair:5   | Found a gateway to Hell.
 17966 | Lair:5   | Identified the +4 short sword of the Bear {protect, Drain
                  | +Blink rN++}
 18133 | Swamp:1  | Entered Level 1 of the Swamp
 18188 | Swamp:1  | Noticed a thorn hunter
 18309 | Swamp:1  | Killed a thorn hunter
 18320 | Swamp:1  | Reached skill level 10 in Dodging
 18339 | Lair:2   | Reached skill level 10 in Fire Magic
 18500 | Swamp:1  | Mangled by a tyrant leech

Illustrated notes

Levels and vault maps discovered:
D:1:      dpeg_arrival_arbitrary_b, layout_loops_ring, serial_shops, shop,
          nicolae_shop_just_a_little_nook, nicolae_shop_pleasant_corner_grove,
          shop, nicolae_shop_tiny_real_fake_doors, minmay_split_cup_large
D:2:      layout_basic, serial_shops, shop, basic_altar, minivault_5,
          uniq_natasha, uniq_terence
D:3:      layout_basic
D:4:      layout_cave_pools, mainiacjoe_overflow_tiny_flanked,
          nicolae_overflow_squiral, serial_shops, nicolae_stop_n_shop_2,
          gup_sewer_entry_spiral, minmay_gold_behind_fungi
D:5:      layout_loops_ring, lemuel_tele_altar,
          minmay_temple_entry_statues_pillars
D:6:      layout_loops_ring, grunt_decor_clamped, billiards_dpeg
D:7:      lemuel_slime, layout_loops_corners, kennysheep_flooded_box,
          kennysheep_generic_room_7
D:8:      layout_gridville, grunt_lair_entry_orc_guard_hut
Temple:   nicolae_temple_bog_church
Lair:1:   layout_cave_pods, enter_volcano_3, serial_forest,
          infiniplex_forest_straight_2, infiniplex_forest_lined_2,
          infiniplex_forest_lined_2, infiniplex_forest_join,
          infiniplex_forest_lined_3, infiniplex_forest_straight_3,
          infiniplex_forest_end_2, minivault_27
Lair:2:   layout_hall_layers, alex1729_swamp_entry_worm_eleionoma,
          dummy_spider_entry, dreamdust_gnoll_shepherd, grunt_megastairs_1
Lair:3:   layout_cave_pods, serial_bayou_shore_b
Lair:4:   layout_cave_pods, slime_entry_1, portal_ice_cave_entry_imps,
          beast_lair_carwin_5
Lair:5:   evil_forest, layout_regular_city
Swamp:1:  layout_basic_swamp, evilmike_swamp_ruin_house_2, swamp_pool_1_2,
          worms_lemuel

Skill      XL: |  1  2  3  4  5  6  7  8  9 10 11 12 13 14 |
---------------+-------------------------------------------+-----
Summonings     | 5 6 7 8 10 11 12 13 15 16 | 16.3
Spellcasting   | 3 4 5 7 8 10 12 13 14 15 | 15.3
Stealth        | 2 |  2.0
Armour         | 1 |  1.5
Air Magic      | 2 3 5 |  5.6
Dodging        | 3 4 6 8 9 10 | 10.0
Fire Magic     | 2 5 7 9 10 | 10.0
Poison Magic   | 1 |  1.7
Transmutations | 1 |  1.3
Staves         | 1 2 |  2.4
Conjurations   | 2 |  2.0

Action                     |  1- 3 |  4- 6 |  7- 9 | 10-12 | 13-15 || total
---------------------------+-------+-------+-------+-------+-------++-------
  Melee: Unarmed           |     6 |     1 |       |       |       ||     7
         Spear             |       |    50 |    74 |    48 |       ||   172
         Staff             |       |       |       |    39 |    45 ||    84
         Punch             |       |       |       |       |     3 ||     3
   Cast: Summon Small Mamm |    44 |    17 |    13 |       |       ||    74
         Call Imp          |    19 |    16 |    20 |    15 |     2 ||    72
         Call Canine Famil |       |    33 |    44 |    46 |    16 ||   139
         Summon Lightning  |       |       |    18 |    47 |    28 ||    93
         Poisonous Vapours |       |       |       |    55 |    65 ||   120
         Ignite Poison     |       |       |       |    14 |    21 ||    35
         Fireball          |       |       |       |    49 |    48 ||    97
         Summon Hydra      |       |       |       |       |     5 ||     5
Ability: Hop               |     1 |       |       |       |     2 ||     3
    Use: Scroll            |     5 |     5 |    12 |     3 |     1 ||    26
         Potion            |       |       |       |     3 |     1 ||     4
   Stab: Distracted        |       |       |     2 |     5 |     2 ||     9
 Armour: Robe              |    29 |    20 |    75 |   102 |    80 ||   306
         Leather armour    |       |    32 |       |       |       ||    32
  Dodge: Dodged            |    56 |    77 |   117 |   179 |   119 ||   548

Table legend: (Time is in decaauts)
 A = Elapsed time spent in this place.
 B = Non-inter-level travel time spent in this place.
 C = Inter-level travel time spent in this place.
 D = Time resting spent in this place.
 E = Time spent auto-exploring this place.
 F = Levels seen in this place.
 G = Mean time per level.
                   A        B        C        D        E       F      G
               +--------+--------+--------+--------+--------+-----+--------+
         Total |  20633 |  19417 |   1216 |   3753 |  10171 |  18 | 1146.3 |
       Dungeon |   8755 |   7997 |    758 |    519 |   4756 |   8 | 1094.4 |
        Temple |    169 |    145 |     24 |      0 |      0 |   1 |  169.0 |
          Lair |   9084 |   8658 |    426 |   2607 |   4178 |   5 | 1816.8 |
         Swamp |    155 |    148 |      7 |     32 |      0 |   1 |  155.0 |
         Sewer |    618 |    618 |      0 |    132 |    223 |   1 |  618.0 |
      Ice Cave |   1763 |   1763 |      0 |    433 |   1014 |   1 | 1763.0 |
       Volcano |     85 |     85 |      0 |     30 |      0 |   1 |   85.0 |
               +--------+--------+--------+--------+--------+-----+--------+

Top non-repeatable levels by time:
  Lair:4: 2176 daAuts
  Lair:1: 1907 daAuts
  Lair:5: 1881 daAuts
     D:2: 1819 daAuts
   IceCv: 1763 daAuts
  Lair:2: 1639 daAuts
     D:7: 1494 daAuts
  Lair:3: 1480 daAuts
     D:1: 1431 daAuts
     D:5: 986 daAuts
     D:8: 813 daAuts
     D:3: 808 daAuts
     D:6: 701 daAuts
     D:4: 700 daAuts
   Sewer: 618 daAuts
